cohdb
Replays
Latest Replays
All Replays
Popular Replays
Top Player Replays
Match Explorer
How It Works
Community
CoH3 Stats
Reddit
Sign in to upload your games and track your stats! →
Sign in with Steam
Match 44491147
Unlisted
Match 44491147
Overview
Messages
Build Orders
End
Kradschützen Motorcycle Team
Panzergrenadier Squad
Selects Panzerjäger Kommand Battlegroup
Selects Mine Fields
Panzergrenadier Squad
Construct Light Support Kompanie
MG34 Team
Panzergrenadier Squad
Fire Support Elements
Flakvierling Half-track
2.5-tonne Medical Truck
Selects Defensive Positions
Veteran Squad Leaders
Pak 38 Anti-tank Gun Team
Construct Panzerarmee Kommand
Panzer III L Medium Tank
Selects Tank Busters
Selects Butterfly Bomb Drop
Butterfly Bomb Drop
DrewP
Dillbro
indu
ulm
0
0
Comments
sign in to comment!
No comments posted yet!